 Dungeon Crawl Stone Soup version 0.23.2-40-g277498a001 (webtiles) character file.

Game seed: 2320240332530125636

472 Descartes the Changer (level 7, -14/33 HPs)
             Began as a Vine Stalker Transmuter on Oct 21, 2019.
             Was an Initiate of Wu Jian.
             Demolished by an ogre
             ... wielding a +0 giant club
              (20 damage)
             ... on level 5 of the Dungeon.
             The game lasted 00:12:52 (4390 turns).

Descartes the Changer (Vine Stalker Transmuter)     Turns: 4390, Time: 00:12:53

Health: -14/33     AC:  3    Str: 14    XL:     7   Next: 9%
Magic:  0/11       EV: 12    Int: 13    God:    Wu Jian [......]
Gold:   204        SH:  0    Dex: 15    Spells: 2/10 levels left

rFire    x . .     SeeInvis .     - Unarmed
rCold    + . .     Gourm    .   (no shield)
rNeg     . . .     Faith    .   z - +0 leather armour
rPois    +         Spirit   +   (no helmet)
rElec    .         Reflect  .   (no cloak)
rCorr    .         Harm     .   (no gloves)
MR       .....                  (no boots)
Stlth    +.........             (no amulet)
HPRegen  0.51/turn              u - ring of poison resistance
MPRegen  0.12/turn              v - ring of ice

@: no status effects
A: fangs 2, regeneration 1, magic shield, antimagic bite, no potion heal 3, rot
immunity
a: Renounce Religion


You were on level 5 of the Dungeon.
You worshipped Wu Jian.
Wu Jian was noncommittal.
You were not hungry.

You visited 2 branches of the dungeon, and saw 6 of its levels.

You collected 204 gold pieces.

Inventory:

Missiles
 a - 10 arrows
 c - 136 stones (quivered)
 w - 12 bolts
 y - 14 poisoned needles
 C - 38 sling bullets
Armour
 f - a +0 ring mail
 p - a +2 scale mail of cold resistance
 z - a +0 leather armour (worn)
Jewellery
 u - a ring of poison resistance (left hand)
 v - a ring of ice (right hand)
 B - a +3 ring of intelligence {unknown}
Wands
 x - a wand of digging (7)
 A - a wand of acid (6)
Scrolls
 e - a scroll of immolation {unknown}
 g - 3 scrolls of teleportation
 l - 4 scrolls of identify {unknown}
 m - 4 scrolls of remove curse
 o - a scroll of magic mapping {unknown}
 r - a scroll of enchant weapon {unknown}
 D - a scroll of fear {unknown}
Potions
 b - 3 potions of flight {unknown}
 h - a potion of resistance {unknown}
 i - 2 potions of ambrosia {unknown}
 j - 2 potions of lignification {unknown}
 k - 5 potions of curing
 n - a potion of invisibility {unknown}
 q - a potion of mutation {unknown}
 s - 2 potions of cancellation {unknown}
 t - a potion of brilliance {unknown}
Comestibles
 d - 8 rations


   Skills:
 - Level 1.0 Fighting
 + Level 1.6 Armour
 - Level 1.6 Dodging
 + Level 4.9 Unarmed Combat
 - Level 2.1 Spellcasting
 * Level 5.7 Transmutations


You had 2 spell levels left.
You knew the following spells:

 Your Spells              Type           Power        Failure   Level  Hunger
a - Beastly Appendage     Tmut           ###...       3%          1    ##.....
b - Sticks to Snakes      Tmut           ###.....     4%          2    ###....
c - Blade Hands           Tmut           ###.......   63%         5    ######.

Your spell library contained the following spells:

 Spells                   Type           Power        Failure   Level  Hunger
 Spider Form              Tmut/Pois      #.........   28%         3    ####...
 Ice Form                 Ice/Tmut       ##......     67%         4    #####..


Dungeon Overview and Level Annotations

Branches:
Dungeon (5/15)             Temple (1/1) D:4

Altars:
Ashenzari
Cheibriados
Dithmenos
Elyvilon
Fedhas
Gozag
Hepliaklqana
Kikubaaqudgha
Makhleb
Nemelex Xobeh
Qazlal
Sif Muna
Trog
Wu Jian
Xom
Zin
The Shining One

Annotations:
D:3 1 runed translucent door, Dickchan's ghost, amateur DrTm
D:4 2 transporters, grouchysmurf's ghost, amateur MfSk


Innate Abilities, Weirdness & Mutations

You have extremely sharp teeth.
Your natural rate of healing is unusually fast.
When hurt, damage is shared between your health and your magic reserves.
Your bite disrupts and absorbs the magic of your enemies.
Potions cannot restore your health.
You are immune to rotting.


Message History

The ogre closely misses you. The orc hits you with a +0 war axe!
* * * LOW HITPOINT WARNING * * *
You hit the orc.
You kill the orc!
The Council accepts your kill. The ogre hits you with a +0 giant club.
* * * LOW HITPOINT WARNING * * *
You hit the orc.
The orc is almost dead.
The worker ant zombie waves its antennae.
The orc closely misses you.
You closely miss the orc. Your bite misses the orc.
The orc is almost dead.
The ogre barely misses you. The orc closely misses you.
You hit the orc.
You kill the orc!
The Council accepts your kill.
The ogre hits you with a +0 giant club!!
Ouch! That really hurt!
You die...

....^.......# ...
##...........###.###
#....................
#.#.................#
#.#.......#..........
##.#†#.......##.........
#..#........Z...........
##..........#o#..........
#.....$......#@#..........
#.......?#####O#..<.......
#..........###Z#..........
...........##..#..........
......$...Z##.###.........
...........#..# ##.....#..
....>.......## ####### #
####......### #......#


You could see an ogre, an orc wizard, a worker ant zombie and a centaur
skeleton.

Vanquished Creatures
  A howler monkey (D:5)
  A hound (D:4)
  An orc priest (D:3)
  Jessica (D:3)
  An iguana (D:5)
  An orc wizard (D:4)
  A worker ant (D:4)
  A gnoll (D:1)
  9 adders
  2 oozes
  3 worms
  3 dart slugs
  3 leopard geckos
  17 orcs
  4 giant cockroaches
  6 goblins
  9 hobgoblins
  7 jackals (D:2)
  6 kobolds
  A quokka (D:2)
  8 bats
  8 frilled lizards
  8 rats
102 creatures vanquished.

Vanquished Creatures (collateral kills)
  An ogre (D:2)
1 creature vanquished.

Vanquished Creatures (others)
  An orc wizard (D:3)
1 creature vanquished.

Grand Total: 104 creatures vanquished

Notes
Turn   | Place    | Note
-------+----------+-------------------------------------------
     0 | D:1      | Descartes the Vine Stalker Transmuter began the quest for
                  | the Orb.
     0 | D:1      | Reached XP level 1. HP: 9/9 MP: 4/4
    70 | D:1      | Reached skill level 1 in Fighting
   403 | D:1      | Reached XP level 2. HP: 9/14 MP: 3/6
   803 | D:1      | Reached XP level 3. HP: 16/18 MP: 7/7
   807 | D:1      | Learned a level 2 spell: Sticks to Snakes
  1312 | D:2      | Noticed an ogre
  1318 | D:2      | Reached skill level 3 in Transmutations
  1334 | D:2      | Killed an ogre
  1334 | D:2      | Gained mutation: Your natural rate of healing is unusually
                  | fast. [Vine Stalker growth]
  1334 | D:2      | Reached XP level 4. HP: 22/22 MP: 1/8
  1659 | D:2      | Reached skill level 4 in Transmutations
  1659 | D:2      | Reached XP level 5. HP: 25/25 MP: 9/9
  1666 | D:2      | Learned a level 5 spell: Blade Hands
  1940 | D:2      | Found a snail-covered altar of Cheibriados.
  2460 | D:3      | Found a runed translucent door.
  2462 | D:3      | Noticed Dickchan's ghost (amateur DrTm)
  2488 | D:3      | Noticed Jessica
  2494 | D:3      | Killed Jessica
  2494 | D:3      | Reached XP level 6. HP: 30/30 MP: 10/10
  2706 | D:3      | Reached skill level 5 in Transmutations
  2980 | D:3      | Reached skill level 1 in Armour
  3344 | D:4      | Found a staircase to the Ecumenical Temple.
  3360 | D:4      | Noticed grouchysmurf's ghost (amateur MfSk)
  3361 | D:4      | Found a transporter.
  3368 | D:4      | Found a transporter.
  4113 | Temple   | Entered the Ecumenical Temple
  4140 | Temple   | Became a worshipper of the Wu Jian Council
  4338 | D:5      | Entered Level 5 of the Dungeon
  4363 | D:5      | Reached XP level 7. HP: 6/33 MP: 3/11
  4390 | D:5      | Demolished by an ogre

Skill      XL: |  1  2  3  4  5  6 |
---------------+-------------------+-----
Fighting       | 1 |  1.0
Transmutations | 3 4 5 |  5.7
Unarmed Combat | 4 |  4.9
Armour         | 1 |  1.6
Dodging        | |  1.6
Spellcasting   | |  2.1

Action                   |  1- 3 |  4- 6 |  7- 9 || total
-------------------------+-------+-------+-------++-------
Melee: Unarmed           |    71 |   284 |    14 ||   369
       Bite              |    18 |    63 |     3 ||    84
       Kick              |       |     6 |       ||     6
       Punch             |       |     3 |     1 ||     4
 Cast: Sticks to Snakes  |     2 |       |       ||     2
       Beastly Appendage |       |     2 |       ||     2
Invok: Lunge             |       |       |     1 ||     1
  Use: Scroll            |     2 |       |       ||     2
       Potion            |       |       |     1 ||     1
  Eat: Chunk             |     1 |     8 |       ||     9
       Ration            |       |     1 |       ||     1
Armor: Robe              |     6 |       |       ||     6
       Ring mail         |     1 |    78 |       ||    79
       Leather armour    |       |     1 |       ||     1
Dodge: Dodged            |    34 |   134 |    16 ||   184
